 Dungeon Crawl Stone Soup version 0.24-a0-67-ga78bd38 (webtiles) character file.

Game seed: 17975241847879809752

32678 Lanoc the Cleaver (level 13, -1/103 HPs)
             Began as a Demonspawn Gladiator on Feb 5, 2019.
             Was the Champion of Dithmenos.
             Shot with a bolt by an orc knight (8 damage)
             ... on level 1 of the Orcish Mines.
             The game lasted 00:51:43 (16600 turns).

Lanoc the Cleaver (Demonspawn Gladiator)           Turns: 16600, Time: 00:51:45

Health: -1/103     AC: 16    Str: 24    XL:     13   Next: 32%
Magic:  22/22      EV: 25    Int: 11    God:    Dithmenos [******]
Gold:   1136       SH:  0    Dex: 19    Spells: 12/12 levels left

rFire    . . .     SeeInvis +   z - +2 hand axe (flame)
rCold    + . .     Gourm    .   (no shield)
rNeg     . . .     Faith    +   s - +2 leather armour {MR+}
rPois    .         Spirit   .   M - +2 hat
rElec    .         Reflect  .   O - +1 cloak
rCorr    .         Harm     .   u - +2 pair of gloves
MR       +....                  (no boots)
Stlth    ++++......             p - amulet of faith
HPRegen  0.27/turn              t - ring of see invisible
MPRegen  0.18/turn              G - ring of protection from cold

@: mighty, agile, about to teleport, very slightly contaminated, wreathed by
umbra
A: claws 1, icy blue scales 2, spiny 2
a: Shadow Step, Shadow Form, Renounce Religion


You were on level 1 of the Orcish Mines.
You worshipped Dithmenos.
Dithmenos was exalted by your worship.
You were not hungry.

You visited 3 branches of the dungeon, and saw 17 of its levels.
You also visited: Ossuary and Bailey.

You collected 1136 gold pieces.

Inventory:

Hand Weapons
 z - a +2 hand axe of flaming (weapon)
Missiles
 d - 3 throwing nets
 E - 37 tomahawks of returning (quivered)
Armour
 s - a +2 leather armour of magic resistance (worn)
 u - a +2 pair of gloves (worn)
 F - a +0 plate armour of cold resistance
 M - a +2 hat (worn)
 O - a +1 cloak (worn)
Jewellery
 c - an uncursed ring of protection from cold
 l - a cursed amulet of inaccuracy {unknown}
 p - an amulet of faith (around neck)
 t - a ring of see invisible (left hand)
 C - an uncursed amulet of the acrobat {unknown}
 G - a ring of protection from cold (right hand)
Wands
 r - a wand of disintegration (23)
 A - a wand of paralysis (9)
 H - a wand of flame (12)
 I - a wand of iceblast (14)
Scrolls
 e - a scroll of blinking
 g - 7 scrolls of remove curse
 h - 2 scrolls of teleportation
 i - 2 scrolls of magic mapping
 j - 5 scrolls of fear
 k - 4 scrolls of amnesia
 n - 2 scrolls of enchant weapon
 y - 6 scrolls of immolation
 B - a scroll of enchant armour
 N - a scroll of acquirement {unknown}
Potions
 a - 3 potions of lignification
 b - a potion of might
 m - a potion of brilliance
 o - 5 potions of flight
 q - 3 potions of haste
 v - 3 potions of mutation
Miscellaneous
 D - a crystal ball of energy
Comestibles
 f - 23 rations


   Skills:
 + Level 10.2 Fighting
 * Level 12.8 Axes
 - Level 1.7 Throwing
 - Level 6.5 Armour
 + Level 9.6 Dodging
 + Level 12.2 Invocations


You had 12 spell levels left.
You didn't know any spells.
Your spell library contained the following spells:

 Spells                   Type           Power        Failure   Level  Hunger
 Animate Skeleton         Necr           N/A          36%         1    ##.....
 Apportation              Tloc           #.....       36%         1    ##.....
 Confusing Touch          Hex            #.....       36%         1    ##.....
 Infusion                 Chrm           #...         36%         1    ##.....
 Shock                    Conj/Air       #...         36%         1    ##.....
 Summon Small Mammal      Summ           #...         36%         1    ##.....
 Shroud of Golubria       Chrm/Tloc      #.........   52%         2    ###....
 Song of Slaying          Chrm           #.......     52%         2    ###....
 Swiftness                Chrm/Air       #.......     52%         2    ###....
 Regeneration             Chrm/Necr      #.........   75%         3    ####...
 Spectral Weapon          Hex/Chrm       #.......     75%         3    ####...
 Static Discharge         Conj/Air       #.......     75%         3    ####...
 Airstrike                Air            #.........   98%         4    #####..
 Lightning Bolt           Conj/Air       #.........   100%        5    ######.


Dungeon Overview and Level Annotations

Branches:
Dungeon (15/15)            Temple (1/1) D:7            Lair (0/6) D:10
    Orc (1/2) D:9          Vaults (0/5) D:14
 Depths: D:15

Altars:
Ashenzari
Cheibriados
Dithmenos
Elyvilon
Fedhas
Gozag
Hepliaklqana
Kikubaaqudgha
Makhleb
Nemelex Xobeh
Okawaru
Qazlal
Ru
Sif Muna
Trog
Uskayaw
Vehumet
Wu Jian
Xom
Yredelemnul
Zin
The Shining One

Shops:
D:7 *

Annotations:
D:7 3 runed translucent doors, Ratty's ghost, novice DsFi
D:11 1 transporter, Wired's ghost, journeyman DrWz
D:12 1 runed translucent door, Nuz's ghost, journeyman MiFi
Orc:1 Nergalle; Snorg


Innate Abilities, Weirdness & Mutations

You have sharp fingernails.
You are mostly covered in icy blue scales. (AC +3)
You are mostly covered in sharp spines.


Message History

Okay, then.
Unknown command.
Okay, then.
Blink to where?
Press: ? - help, Dir - move target cursor You are very lightly contaminated with residual magic.
As you read the scroll of blinking, it crumbles to dust.
You hear a shout!
Blink to where?
Press: ? - help, Dir - move target cursor
As you read the scroll of blinking, it crumbles to dust.
An orc, an orc knight and an ogre come into view.
Found 33 gold pieces.
Found a bloodstained altar of Trog.
As you read the scroll of teleportation, it crumbles to dust.
You feel strangely unstable.
The orc knight shouts!
The orc shouts!
The ogre shouts!
Snorg rages.
The orc knight unwields a +0 war axe.
The orc knight wields a +0 arbalest.
The orc knight shoots a bolt.
The bolt hits you!
You die...

##.# .$ ... ...## .#
.... ..#O
.##..........#.# ...
......_..o...$.. ..
................ . #.
................
....##.#.......#§.......
#.$...@......##§Z§.....
##.o#........#§o§§.....
#. ..#......oo§§§Z.....
o..###....3To§§OO.....
#... #.$...§§Z§O.....
#.. ##.....4.#....... ##
#...#.... ....O..
#§#..... ....#..
####.... #..#. .


You could see Snorg (berserk), an orc knight, Nergalle, a sun demon, a hellwing,
2 orc sorcerers, an ogre and an orc.

Vanquished Creatures
  Josephine (D:10)
  A vault guard (D:13)
  2 hydras
  2 centaur warriors
  Erica (D:10)
  3 two-headed ogres
  2 tengu warriors (D:14)
  5 unseen horrors
  Pikel (D:7)
  A wolf spider zombie (D:15)
  5 ugly things
  3 cyclopes
  2 deep elf magi
  A manticore (D:15)
  Maurice (D:11)
  A centaur skeleton (D:12)
  The ghost of vogonpoet the Conjurer, a novice OpWz of Ashenzari (D:5)
  A troll (D:14)
  A hornet (D:5)
  Grinder (D:3)
  2 dream sheep (D:8)
  3 shadows
  6 hippogriffs
  16 yaks
  A wyvern (D:9)
  7 wraiths
  3 hungry ghosts
  A vampire mosquito (D:15)
  Menkaure (D:7)
  A warg (D:15)
  A water moccasin (D:7)
  6 ice beasts
  4 porcupines (D:10)
  6 black bears
  11 orc warriors
  An eye of draining (D:14)
  3 sky beasts
  4 slaves (D:7)
  A necrophage (D:10)
  2 phantoms
  5 centaurs
  7 ogres
  4 big kobolds
  14 bullfrogs
  A wyvern zombie (D:15)
  5 scorpions
  11 killer bees
  12 wights
  4 howler monkeys
  9 crimson imps
  A quasit (D:9)
  6 centaur zombies
  A hound (D:7)
  4 jellies
  3 bullfrog skeletons
  A human zombie (Ossuary)
  8 orc priests
  Crazy Yiuf (D:2)
  10 orc wizards
  10 worker ants
  Ijyb (D:3)
  3 iguanas
  Terence (D:3)
  Robin (D:2)
  2 hound skeletons (D:4)
  3 mummies (Ossuary)
  A worker ant zombie (D:5)
  7 adders
  9 gnolls
  3 shadow imps
  3 worms
  7 dart slugs
  7 leopard geckos
  51 orcs
  8 bats
  5 giant cockroaches
  23 goblins
  11 hobgoblins
  7 jackals
  27 kobolds
  8 quokkas
  2 ball pythons
  4 frilled lizards
  A goblin zombie (Ossuary)
  A hobgoblin zombie (Ossuary)
  A kobold zombie (Ossuary)
  A leopard gecko skeleton (D:7)
  2 orc zombies (Ossuary)
  3 rats
436 creatures vanquished.

Vanquished Creatures (others)
  39 fungi (D:10)
  6 plants
45 creatures vanquished.

Grand Total: 481 creatures vanquished

Notes
Turn   | Place    | Note
-------+----------+-------------------------------------------
     0 | D:1      | Lanoc the Demonspawn Gladiator began the quest for the Orb.
     0 | D:1      | Reached XP level 1. HP: 16/16 MP: 1/1
    30 | D:1      | Gained mutation: You are partially covered in sharp spines.
                  | [demonic ancestry]
    30 | D:1      | Reached XP level 2. HP: 3/22 MP: 2/2
   320 | D:1      | Reached skill level 1 in Armour
   383 | D:1      | Gained mutation: You are partially covered in icy blue
                  | scales. (AC +2) [demonic ancestry]
   383 | D:1      | Reached XP level 3. HP: 16/28 MP: 3/3
   940 | D:2      | Noticed Robin
   941 | D:2      | Found a faded altar of an unknown god.
   951 | D:2      | Became a worshipper of Dithmenos the Shadowed
   951 | D:2      | Reached * piety under Dithmenos
   967 | D:2      | Killed Robin
   967 | D:2      | Reached XP level 4. HP: 29/34 MP: 4/4
  1062 | D:2      | Found a shattered altar of Ashenzari.
  1105 | D:2      | Found a runed translucent door.
  1106 | D:2      | Noticed Crazy Yiuf
  1112 | D:2      | Killed Crazy Yiuf
  1160 | D:2      | Reached ** piety under Dithmenos
  1160 | D:2      | Reached XP level 5. HP: 34/41 MP: 5/5
  1990 | D:3      | Noticed Ijyb
  1999 | D:3      | Killed Ijyb
  2069 | D:3      | Reached skill level 1 in Invocations
  2089 | D:3      | Noticed Grinder
  2090 | D:3      | Noticed Terence
  2100 | D:3      | Paralysed by Grinder for 2 turns
  2119 | D:3      | Killed Grinder
  2119 | D:3      | Gained mutation: You have sharp fingernails. [demonic
                  | ancestry]
  2119 | D:3      | Reached XP level 6. HP: 14/47 MP: 5/7
  2124 | D:3      | Killed Terence
  2626 | D:4      | Reached XP level 7. HP: 41/53 MP: 7/9
  2858 | D:4      | Reached *** piety under Dithmenos
  2877 | D:4      | Reached skill level 5 in Axes
  3509 | D:5      | Entered Level 5 of the Dungeon
  3521 | D:5      | Gained mutation: You are mostly covered in sharp spines.
                  | [demonic ancestry]
  3521 | D:5      | Reached XP level 8. HP: 47/61 MP: 9/11
  3545 | D:5      | Found a sand-covered staircase.
  3584 | Ossuary  | Entered an ossuary
  3719 | Ossuary  | Reached **** piety under Dithmenos
  3966 | D:5      | Found an ornate altar of the Wu Jian Council.
  4052 | D:5      | Noticed vogonpoet's ghost (novice OpWz)
  4067 | D:5      | Found a transporter.
  4071 | D:5      | Found a transporter.
  4084 | D:5      | Noticed a hornet
  4096 | D:5      | Killed vogonpoet's ghost
  4096 | D:5      | Reached skill level 5 in Invocations
  4103 | D:5      | Reached skill level 5 in Fighting
  4103 | D:5      | Reached skill level 5 in Dodging
  4149 | D:5      | Killed a hornet
  4152 | D:5      | Reached XP level 9. HP: 25/68 MP: 11/13
  5252 | D:7      | Reached skill level 5 in Armour
  5272 | D:7      | Noticed Pikel
  5297 | D:7      | Killed Pikel
  5660 | D:7      | Noticed a two-headed ogre
  5668 | D:7      | Killed a two-headed ogre
  5668 | D:7      | Reached ***** piety under Dithmenos
  5668 | D:7      | Reached XP level 10. HP: 46/77 MP: 15/15
  5675 | D:7      | Noticed Menkaure
  5699 | D:7      | Killed Menkaure
  6084 | D:7      | Found a staircase to the Ecumenical Temple.
  6148 | Temple   | Entered the Ecumenical Temple
  6392 | D:7      | Noticed Ratty's ghost (novice DsFi)
  6397 | D:7      | Found a runed translucent gate.
  6397 | D:7      | Found a runed translucent gate.
  6397 | D:7      | Found a runed translucent gate.
  6620 | D:7      | Found an opulent altar of Gozag.
  6622 | D:7      | Found Gozag's Platinum Reserve.
  7347 | D:8      | Noticed a two-headed hydra
  7351 | D:8      | Killed a one-headed hydra
  7485 | D:8      | Found a hide-covered altar of Uskayaw.
  7691 | D:8      | Reached XP level 11. HP: 53/84 MP: 17/17
  7819 | D:8      | Found a glowing silver altar of Zin.
  7953 | D:8      | Found a deep blue altar of Sif Muna.
  8153 | D:9      | Found a snail-covered altar of Cheibriados.
  8259 | D:9      | Found an ancient bone altar of Kikubaaqudgha.
  8661 | D:9      | Found a staircase to the Orcish Mines.
  9045 | D:9      | Reached skill level 10 in Axes
  9502 | D:10     | Entered Level 10 of the Dungeon
  9502 | D:10     | Noticed Erica
  9516 | D:10     | Killed Erica
  9517 | D:10     | Found a staircase to the Lair.
  9607 | D:10     | Noticed a two-headed ogre
  9617 | D:10     | Killed a two-headed ogre
  9640 | D:10     | Found a flagged portal.
  9713 | Bailey   | Entered a bailey
  9837 | Bailey   | Reached ****** piety under Dithmenos
 10489 | D:10     | Noticed Josephine
 10702 | D:10     | Killed Josephine
 10702 | D:10     | Reached skill level 10 in Invocations
 11330 | D:11     | Noticed Maurice
 11366 | D:11     | Gained mutation: You are mostly covered in icy blue scales.
                  | (AC +3) [demonic ancestry]
 11366 | D:11     | Reached XP level 12. HP: 42/94 MP: 19/19
 11634 | D:11     | Noticed a two-headed ogre
 11637 | D:11     | Found a transporter.
 11639 | D:11     | Noticed Wired's ghost (journeyman DrWz)
 11640 | D:11     | Identified the cursed +3 mace of the Extremes {protect, rC-
                  | rN++}
 11643 | D:11     | Found a bloodstained altar of Trog.
 11685 | D:11     | Found a stormy altar of Qazlal.
 11815 | D:11     | Found a transporter.
 11832 | D:11     | Found a hide-covered altar of Uskayaw.
 11843 | D:11     | Noticed a six-headed hydra
 11852 | D:11     | Killed a one-headed hydra
 11874 | D:11     | Killed Maurice
 12630 | D:12     | Noticed a two-headed ogre
 12636 | D:12     | Killed a two-headed ogre
 12940 | D:12     | Noticed Nuz's ghost (journeyman MiFi)
 12943 | D:12     | Found a runed translucent door.
 13699 | D:13     | Noticed a centaur warrior
 13712 | D:13     | Killed a centaur warrior
 14312 | D:14     | Noticed a tengu warrior
 14330 | D:14     | Killed a tengu warrior
 14906 | D:14     | Noticed a vault guard
 14953 | D:13     | Killed a vault guard
 15291 | D:14     | Noticed a tengu warrior
 15301 | D:14     | Killed a tengu warrior
 15301 | D:14     | Reached XP level 13. HP: 86/103 MP: 21/21
 15403 | D:14     | Found a gate to the Vaults.
 15676 | D:14     | Reached skill level 10 in Fighting
 15942 | D:15     | Entered Level 15 of the Dungeon
 16407 | D:15     | Noticed an ettin
 16582 | Orc:1    | Entered Level 1 of the Orcish Mines
 16582 | Orc:1    | Noticed Snorg
 16587 | Orc:1    | Noticed Nergalle
 16599 | Orc:1    | Found a bloodstained altar of Trog.
 16600 | Orc:1    | Shot with a bolt by an orc knight

Vault maps used:
D:1:      elethiomel_arrival_maze, hex_tiny
D:2:      ashenzari_conservatory_becter, chequers_ecumenical_altar_simple_redux,
          uniq_robin, uniq_crazy_yiuf_cottage
D:3:      uniq_ijyb, uniq_terence, uniq_grinder
D:4:      first_ration
D:5:      lemuel_crystal_altar, enter_ossuary_5, gammafunk_ghost_hive
D:7:      nicolae_gozag_zags_fifth_avenue, minmay_temple_entry_gardened_gates,
          gammafunk_ghost_split, uniq_pikel, uniq_menkaure
D:8:      lemuel_coloured_pillars_altar, nicolae_overflow_crystal_walls,
          basic_altar, hangedman_ranch
D:9:      kiku_gazebo_pond_becter, orc_0_dummy, basic_altar
D:10:     due_lair_maze_entry_diamond, enter_bailey_3, feat_on_display,
          uniq_erica, uniq_josephine
D:11:     basic_altar, gammafunk_ghost_wrathful_warriors, grunt_qazlal_clouds,
          uniq_maurice
D:12:     hellmonk_ghost_happy_afterlife
D:14:     david_vaults_5, patterned_corridor, amethyst_killhole
D:15:     hangedman_depths_entry_civil_slaughter, evilmike_ruin_ashenzari
Temple:   regret_index_temple_sphere_string
Orc:1:    minmay_goldmine, basic_altar, david_defended_altar_orc, uniq_snorg,
          uniq_nergalle
Ossuary:  ossuary_crypta
Bailey:   bailey_axe_4, bailey

Skill      XL: |  1  2  3  4  5  6  7  8  9 10 11 12 13 |
---------------+----------------------------------------+-----
Armour         | 1 2 3 4 5 6 |  6.5
Dodging        | 3 4 5 6 7 8 9 |  9.6
Axes           | 3 4 5 6 8 9 11 12 | 12.8
Fighting       | 3 4 5 6 7 8 9 10 | 10.2
Invocations    | 2 4 5 7 8 10 11 12 | 12.2
Throwing       | |  1.7

Action                   |  1- 3 |  4- 6 |  7- 9 | 10-12 | 13-15 || total
-------------------------+-------+-------+-------+-------+-------++-------
Melee: War axe           |    91 |    66 |       |       |       ||   157
       Hand axe          |       |     8 |   251 |   803 |   133 ||  1195
Throw: Throwing net      |       |       |       |     4 |       ||     4
       Tomahawk          |       |       |       |    53 |     8 ||    61
  Use: Potion            |       |     2 |     3 |     6 |     8 ||    19
       Scroll            |       |       |     8 |    17 |     7 ||    32
 Stab: Sleeping          |       |     1 |     6 |     7 |     1 ||    15
       Invisible         |       |       |     1 |       |       ||     1
       Held in net/web   |       |       |       |     1 |       ||     1
       Distracted        |       |       |       |     1 |       ||     1
  Eat: Chunk             |       |     5 |     7 |    29 |     1 ||    42
       Ration            |       |       |     1 |     1 |     1 ||     3
Armor: Leather armour    |    30 |    16 |    53 |   176 |    42 ||   317
Dodge: Dodged            |    76 |    50 |   192 |   599 |   129 ||  1046

Table legend:
 A = Non-vault XP
 B = Vault XP
 C = Vault XP percentage of total XP
 D = Non-vault monster count
 E = Vault monster count
 F = Vault count percentage of total count
                 A         B        C        D         E       F
            +---------+---------+-------+---------+---------+-------
      Total |   34123 |   12560 |  26.9 |     335 |      97 |  22.5
            +---------+---------+-------+---------+---------+-------
        D:1 |      69 |       0 |   0.0 |      35 |       0 |   0.0
        D:2 |      60 |      76 |  55.9 |      13 |      12 |  48.0
        D:3 |      62 |     330 |  84.2 |      19 |       3 |  13.6
        D:4 |     696 |       0 |   0.0 |      25 |       0 |   0.0
        D:5 |     410 |     982 |  70.5 |      20 |       8 |  28.6
        D:6 |    1340 |       0 |   0.0 |      20 |       0 |   0.0
        D:7 |    2437 |     821 |  25.2 |      37 |       2 |   5.1
        D:8 |    1813 |    2170 |  54.5 |      16 |       8 |  33.3
        D:9 |    3449 |     194 |   5.3 |      30 |       1 |   3.2
       D:10 |    2026 |    3827 |  65.4 |      20 |      19 |  48.7
       D:11 |    3069 |     465 |  13.2 |      23 |       1 |   4.2
       D:12 |    3830 |       0 |   0.0 |      27 |       0 |   0.0
       D:13 |    1533 |    1007 |  39.6 |       7 |       1 |  12.5
       D:14 |    9539 |     852 |   8.2 |      30 |       3 |   9.1
       D:15 |    3790 |     915 |  19.4 |      13 |       1 |   7.1
    Ossuary |       0 |     188 | 100.0 |       0 |      11 | 100.0
     Bailey |       0 |     733 | 100.0 |       0 |      27 | 100.0
            +---------+---------+-------+---------+---------+-------
